 Dungeon Crawl Stone Soup version 0.23.2-33-g5129a83184 (webtiles) character file.

Game seed: 8504806335770094352

58 Revguard the Skirmisher (level 4, -1/45 HPs)
             Began as an Ogre Skald on July 29, 2019.
             Slain by an orc
             ... wielding a +0 flail
              (3 damage)
             ... on level 3 of the Dungeon.
             The game lasted 00:04:52 (2248 turns).

Revguard the Skirmisher (Ogre Skald)                Turns: 2248, Time: 00:04:52

Health: -1/45      AC:  3    Str: 15    XL:     4   Next: 2%
Magic:  0/8        EV: 10    Int: 14    God:
Gold:   81         SH:  0    Dex:  9    Spells: 5/8 levels left

rFire    . . .     SeeInvis .   a - +0 mace
rCold    . . .     Gourm    .   (no shield)
rNeg     . . .     Faith    .   b - +0 robe
rPois    .         Spirit   .   (helmet restricted)
rElec    .         Reflect  .   (no cloak)
rCorr    .         Harm     .   (gloves unavailable)
MR       .....                  (boots unavailable)
Stlth    +.........             (no amulet)
HPRegen  0.15/turn              (no ring)
MPRegen  0.11/turn              (no ring)

@: infused, singing (expiring)
A: large, unfitting armour, tough skin 1
a: no special abilities


You were on level 3 of the Dungeon.
You were hungry.

You visited 1 branch of the dungeon, and saw 3 of its levels.

You collected 81 gold pieces.

Inventory:

Hand Weapons
 a - a +0 mace (weapon)
Armour
 b - a +0 robe (worn)
Jewellery
 k - a +5 ring of dexterity {unknown}
Scrolls
 c - 5 scrolls of identify {unknown}
 f - 2 scrolls of enchant armour {unknown}
 h - a scroll of amnesia {unknown}
 i - a scroll of noise {unknown}
Potions
 e - a potion of resistance {unknown}
 g - a potion of flight {unknown}
 j - a potion of might {unknown}
 l - a potion of brilliance {unknown}
Comestibles
 d - 5 rations


   Skills:
 + Level 3.3 Fighting
 + Level 2.3 Maces & Flails
 * Level 1.1 Armour
 + Level 2.4 Dodging
 + Level 2.7 Spellcasting
 * Level 3.0 Charms


You had 5 spell levels left.
You knew the following spells:

 Your Spells              Type           Power        Failure   Level  Hunger
a - Infusion              Chrm           ##..         6%          1    #......
b - Song of Slaying       Chrm           ##......     10%         2    ###....

Your spell library contained the following spells:

 Spells                   Type           Power        Failure   Level  Hunger
 Shroud of Golubria       Chrm/Tloc      #.........   19%         2    ###....
 Regeneration             Chrm/Necr      #.........   34%         3    ###....
 Spectral Weapon          Hex/Chrm       #.......     34%         3    ###....


Dungeon Overview and Level Annotations

Branches:
Dungeon (3/15)

Altars:


Innate Abilities, Weirdness & Mutations

You are too large for most types of armour.
You have tough skin. (AC +1)


Message History

You hear a shout!
The hobgoblin hits you with a +0 club.
You hear a shout!
You hit the hobgoblin.
You kill the hobgoblin!
The orc hits you with a +0 flail!
* * * LOW HITPOINT WARNING * * *
You hit the orc.
The orc is heavily wounded.
The orc hits you with a +0 flail.
* * * LOW HITPOINT WARNING * * *
You barely miss the orc.
The orc is heavily wounded.
The orc hits you with a +0 flail.
* * * LOW HITPOINT WARNING * * *
You hit the orc.
The orc is almost dead.
Your song is almost over.
The orc hits you with a +0 flail.
You die...

..#.#######
.....[....
..........
#.........
####?........
#............
.###...()......#
........@o...%.#
.........##.####
.......#<...#
..##.##..##.....
>. #.#. ###. #.
.. .# # ..# .#
... .# .... .#


You could see an orc.

Vanquished Creatures
  2 adders (D:2)
  A worm (D:2)
  A dart slug (D:1)
  2 ball pythons
  5 bats
  3 goblins
  5 hobgoblins
  2 jackals (D:3)
  5 frilled lizards
  4 kobolds
  8 rats
38 creatures vanquished.

Vanquished Creatures (others)
  A plant (D:2)
1 creature vanquished.

Grand Total: 39 creatures vanquished

Notes
Turn   | Place    | Note
-------+----------+-------------------------------------------
     0 | D:1      | Revguard the Ogre Skald began the quest for the Orb.
     0 | D:1      | Reached XP level 1. HP: 22/22 MP: 3/3
   319 | D:1      | Reached XP level 2. HP: 12/29 MP: 2/5
   576 | D:1      | Learned a level 2 spell: Song of Slaying
  1208 | D:2      | Reached XP level 3. HP: 29/37 MP: 2/7
  1511 | D:2      | Reached skill level 1 in Armour
  2243 | D:3      | Reached XP level 4. HP: 25/45 MP: 1/8
  2247 | D:3      | HP: 2/45 [orc/+0 flail (4)]
  2248 | D:3      | Slain by an orc

Skill      XL: |  1  2  3 |
---------------+----------+-----
Fighting       | 3 |  3.3
Maces & Flails | 2 |  2.3
Armour         | 1 |  1.1
Charms         | 3 |  3.0
Dodging        | |  2.4
Spellcasting   | |  2.7

Action                   |  1- 3 |  4- 6 || total
-------------------------+-------+-------++-------
Melee: Mace              |   108 |     5 ||   113
 Cast: Infusion          |     9 |       ||     9
       Song of Slaying   |     1 |       ||     1
  Eat: Chunk             |     4 |       ||     4
Armor: Robe              |    57 |       ||    57
Dodge: Dodged            |    88 |       ||    88
